 Dungeon Crawl Stone Soup version 0.21.0-3-g78d12a8 (webtiles) character file.

181556 Fingolfin the Fetichist (level 18, -7/160 HPs)
             Began as a Naga Wizard on Jan 8, 2018.
             Was a High Priest of Sif Muna.
             Mangled by a merfolk impaler
             ... wielding a +0 demon trident of freezing
              (10 damage)
             ... on level 4 of the Shoals on Jan 9, 2018.
             The game lasted 03:37:37 (38589 turns).

Fingolfin the Fetichist (Naga Wizard)              Turns: 38589, Time: 03:37:37

Health: -7/160     AC: 22    Str:  9    XL:     18   Next: 31%
Magic:  26/35      EV: 12    Int: 28    God:    Sif Muna [*****.]
Gold:   1284       SH:  4    Dex: 12    Spells: 9/43 levels left

rFire    . . .     SeeInvis +   a - staff of energy
rCold    x . .     Gourm    .   h - +0 buckler
rNeg     + + .     Faith    .   y - +2 robe {Archmagi}
rPois    +         Spirit   .   A - +0 helmet of Pocsikk {rF- MR+ Int+3}
rElec    .         Reflect  .   B - +2 cloak
rCorr    .         Harm     .   Y - +2 pair of gloves
MR       +++..                  (no barding)
Stlth    ++........             L - macabre finger necklace {rN+}
HPRegen  1.36/turn              k - ring of wizardry
MPRegen  0.24/turn              s - ring of Anyaso {Fire rPois rN+}
                                o - +6 ring of protection

@: regenerating (expiring), divine energy, very slow
A: large, see invisible, deformed body, poison resistance, slowness 2, slow
metabolism 1, spit poison 1, constrict 1, AC +6
a: Spit Poison, Stop Divine Energy, Channel Magic, Forget Spell, Renounce
Religion


You were on level 4 of the Shoals.
You worshipped Sif Muna.
Sif Muna was extremely pleased with you.
You were not hungry.

You visited 6 branches of the dungeon, and saw 29 of its levels.
You also visited: Labyrinth, Bailey and Ice Cave.

You collected 4324 gold pieces.
You spent 3040 gold pieces at shops.

Inventory:

Hand Weapons
 b - the +5 broad axe of the Hall of Blades {chop, rC++ Str+4 SInv}
   (You found it on level 4 of the Shoals)

   It inflicts extra damage upon your enemies.
   It affects your strength (+4).
   It greatly protects you from cold.
   It lets you see invisible.
Armour
 h - a +0 buckler (worn)
 y - a +2 robe of the Archmagi (worn)
 A - the +0 helmet of Pocsikk (worn) {rF- MR+ Int+3}
   (You found it on level 6 of the Dungeon)

   It affects your intelligence (+3).
   It makes you vulnerable to fire.
   It affects your resistance to hostile enchantments.
 B - a +2 cloak (worn)
 Y - a +2 pair of gloves (worn)
Magical Staves
 a - an uncursed staff of energy (weapon)
 j - an uncursed staff of power
 w - an uncursed staff of wizardry
Jewellery
 k - a ring of wizardry (left hand)
 o - a +6 ring of protection (on amulet)
 s - the ring of Anyaso (right hand) {Fire rPois rN+}
   (You found it in a labyrinth)

   [ring of fire]

   It enhances your fire magic.
   It protects you from fire.
   It makes you vulnerable to cold.
   It protects you from poison.
   It protects you from negative energy.
 v - an uncursed ring of protection from cold
 L - the macabre finger necklace (around neck) {rN+}
   (You found it in an ice cave)

   [amulet of nothing]

   It protects you from negative energy.
 N - an uncursed ring of protection from magic
Wands
 r - a wand of acid (23)
 J - a wand of digging (39)
 R - a wand of paralysis (39)
 W - a wand of clouds (6)
Scrolls
 e - 2 scrolls of blinking
 g - 3 scrolls of magic mapping
 l - 2 scrolls of amnesia
 n - a scroll of holy word
 q - 14 scrolls of remove curse
 t - 4 scrolls of teleportation
 u - 2 scrolls of enchant armour
 z - 7 scrolls of fog
 E - 2 scrolls of brand weapon
 H - 2 scrolls of enchant weapon
 P - a scroll of identify
 U - 3 scrolls of fear
 X - a scroll of summoning
Potions
 c - a potion of resistance
 f - 13 potions of curing
 i - a potion of haste
 m - 4 potions of heal wounds
 p - 2 potions of mutation
 x - 5 potions of brilliance
 C - 3 potions of flight
 D - a potion of invisibility
 F - 3 potions of agility
 I - 4 potions of magic
 M - 5 potions of lignification
 V - 2 potions of cancellation
Miscellaneous
 K - a phantom mirror
 O - a box of beasts
 S - a sack of spiders
Comestibles
 d - 40 rations
 Z - 4 chunks of flesh


   Skills:
 - Level 10.1 Fighting
 - Level 5.9 Dodging
 - Level 3.0 Stealth
 - Level 2.4 Shields
 - Level 13.1 Spellcasting
 - Level 11.3 Conjurations
   Level 1.0 Summonings
 - Level 8.0 Necromancy
 - Level 4.8 Translocations
 - Level 3.1 Transmutations
 - Level 11.2 Fire Magic
 - Level 8.0 Ice Magic
 - Level 4.0 Air Magic
 - Level 5.1 Earth Magic
 - Level 7.8 Invocations
 + Level 15.0 Evocations


You had 9 spell levels left.
You knew the following spells:

 Your Spells              Type           Power        Failure   Level  Hunger
a - Magic Dart            Conj           ####         1%          1    None
b - Blink                 Tloc           N/A          1%          2    None
c - Conjure Flame         Conj/Fire      ########     1%          3    None
e - Passwall              Tmut/Erth      ######....   1%          2    None
f - Passage of Golubria   Tloc           N/A          1%          4    None
g - Borgnjor's Vile Clut  Necr/Erth      ######....   2%          5    None
r - Fireball              Conj/Fire      ########..   1%          5    None
s - Simulacrum            Ice/Necr       #######...   6%          6    None
t - Apportation           Tloc           ######       1%          1    None
R - Regeneration          Chrm/Necr      ######....   1%          3    None
S - Swiftness             Chrm/Air       #####...     1%          2    None


Dungeon Overview and Level Annotations

Branches:
Dungeon (15/15)            Temple (1/1) D:7            Lair (6/6) D:10
 Shoals (4/4) Lair:2        Snake (0/4) Lair:2        Slime (0/5) Lair:6
    Orc (2/2) D:9             Elf (1/3) Orc:2        Vaults (0/5) D:14
 Depths (0/5) D:15

Altars:
Ashenzari
Cheibriados
Dithmenos
Elyvilon
Fedhas
Gozag
Hepliaklqana
Kikubaaqudgha
Makhleb
Nemelex Xobeh
Okawaru
Qazlal
Ru
Sif Muna
Trog
Uskayaw
Vehumet
Wu Jian
Xom
Yredelemnul
Zin
The Shining One
Beogh

Shops:
D:4 (   D:14 *   D:15 (   Orc:2 **(%=   Shoals:2 ?

Annotations:
Elf:1 inmateoo's ghost, journeyman DDFi


Innate Abilities, Weirdness & Mutations

You cannot wear boots.
Your serpentine skin is tough. (AC +6)
You have supernaturally acute eyesight. (SInv)
Armour fits poorly on your strangely shaped body.
Your system is resistant to poisons. (rPois)
You cover ground very slowly.
You have a slow metabolism.
You can spit poison.
You can use your snake-like lower body to constrict enemies.


Message History

Zombie hands grab the merfolk aquamancer.
The merfolk impaler is unaffected.
Zombie hands grab the merfolk impaler.
You are engulfed in a cloud of scalding steam.
Your skin is crawling a little less now.
The zombie hands constrict the merfolk impaler!!
The zombie hands constrict the merfolk impaler!
The zombie hands constrict the merfolk aquamancer!
The merfolk impaler is engulfed in a cloud of scalding steam.
The merfolk impaler hits you from afar with a demon trident of freezing!
* * * LOW HITPOINT WARNING * * *
The merfolk impaler freezes you.
* * * LOW HITPOINT WARNING * * *
The merfolk aquamancer is engulfed in a cloud of scalding steam.
The merfolk aquamancer gestures at you while chanting.
The shard of ice hits you!
You feel a painful chill!
* * * LOW HITPOINT WARNING * * *
The merfolk impaler is engulfed in a cloud of scalding steam.
The merfolk impaler hits you from afar with a demon trident of freezing!
You die...

,,.P≈≈....#≈≈}≈≈#≈≈≈≈≈≈≈≈≈≈**,,,*
.,..≈≈....#≈≈≈≈≈#≈≈≈≈≈≈≈≈≈≈≈*****
.,........##≈≈≈##≈≈≈≈≈≈≈≈≈≈≈≈≈,,,
.,.........#####≈≈≈≈≈≈≈≈≈≈≈≈≈≈≈,,
.,............≈≈≈≈≈≈≈≈≈≈≈≈≈≈≈≈≈≈,
,,........#####≈≈≈≈≈≈≈≈≈≈≈≈≈≈≈≈≈≈
,,≈≈.....##≈mH##≈≈≈≈≈≈≈≈≈≈≈≈≈≈≈≈≈
,,.......#.≈≈mm#§≈≈≈≈≈≈≈≈≈≈≈≈≈≈≈≈
≈≈≈......#..S.m§@§§≈≈≈≈≈≈≈≈≈≈≈≈≈≈
≈≈≈......#...mm#§≈≈≈≈≈≈≈≈≈≈≈≈≈≈≈≈
≈≈,≈≈..≈≈##≈.m*#≈≈≈≈≈≈≈≈≈≈≈≈≈≈≈≈≈
≈≈≈≈≈≈≈≈≈≈###**≈≈≈≈≈≈≈≈≈≈≈≈≈≈≈≈≈≈
≈≈≈≈≈≈≈≈≈≈≈≈≈≈≈≈≈≈≈≈≈≈≈≈≈≈≈≈≈≈≈≈≈
≈≈≈≈≈≈≈≈≈≈≈≈≈≈≈≈≈≈≈≈≈≈≈≈≈≈≈≈≈≈≈≈≈
≈≈≈≈≈≈≈≈≈≈≈≈≈≈≈≈≈≈≈≈≈≈≈≈≈≈≈≈≈≈≈≈≈
≈≈≈≈≈≈≈≈≈≈≈≈≈≈≈≈≈≈≈≈≈≈≈≈≈≈≈≈≈≈≈≈≈
≈≈≈≈≈≈≈≈≈≈≈≈≈≈≈≈≈≈≈≈≈≈≈≈≈≈≈≈≈≈≈≈≈


You could see 2 merfolk impalers and a merfolk aquamancer.

Vanquished Creatures
  A kraken (Shoals:4)
  Polyphemus (Shoals:2)
  Donald (Orc:2)
  Ilsuiw (Shoals:4)
  A deep elf elementalist (Elf:1)
  Snorg (D:10)
  7 merfolk javelineers
  4 merfolk impalers
  A minotaur (Lab)
  2 ice dragons (IceCv)
  7 hydras
  6 catoblepae
  12 two-headed ogres
  3 merfolk avatars
  Erica (Orc:1)
  8 centaur warriors
  3 ogre magi
  3 satyrs
  7 merfolk aquamancers
  7 death yaks
  3 orc high priests (Orc:2)
  A tengu warrior (D:15)
  Urug (D:9)
  Sonja (Lair:2)
  4 skeletal warriors (D:13)
  7 sea snakes
  2 unseen horrors
  The ghost of Leszczynek the Grappler, a novice TrSk of Fedhas (D:6)
  7 orc knights
  12 deep elf magi
  21 harpies
  5 ugly things
  12 manticores
  6 orc sorcerers
  23 fauns
  15 elephants
  5 cyclopes
  8 water nymphs
  15 merfolk sirens
  A black mamba (Lair:4)
  2 ice statues (IceCv)
  3 centaur zombies
  5 gargoyles
  19 spiny frogs
  12 komodo dragons
  6 rime drakes
  23 merfolk
  A tengu conjurer (D:15)
  7 trolls
  3 snapping turtles
  28 blink frogs
  A polar bear (Lair:4)
  3 tyrant leeches (Lair:6)
  3 wind drakes (Shoals:4)
  11 dream sheep
  14 hippogriffs
  18 water elementals
  2 shadows (D:14)
  A vampire (D:13)
  The ghost of Glamhuggeren the Skirmisher, an amateur MiFi of the Shining One (D:3)
  5 wyverns
  46 yaks
  Eustachio (D:6)
  A basilisk (Lair:5)
  A golden eye (shapeshifter) (D:14)
  A wraith (D:10)
  8 vampire mosquitoes
  2 hogs (D:11)
  2 hungry ghosts
  Edmund (D:6)
  3 nagas
  A warg (Orc:1)
  2 acid dragons
  A soldier ant (D:12)
  3 porcupines
  19 water moccasins
  3 sky beasts
  16 ice beasts
  12 black bears
  24 orc warriors
  2 phantoms
  5 necrophages
  16 ogres
  12 centaurs
  21 wolves
  16 crocodiles
  A big kobold (D:14)
  2 gnoll sergeants (D:11)
  23 bullfrogs
  Blork the orc (D:12)
  A wyvern skeleton (D:10)
  6 scorpions
  13 killer bees
  8 wights
  9 electric eels
  10 howler monkeys
  4 bullfrog zombies
  5 crimson imps
  5 jellies
  2 gnoll shamans (D:11)
  15 orc priests
  Crazy Yiuf (D:5)
  6 hounds
  2 bullfrog skeletons
  7 centaur skeletons
  22 orc wizards
  4 iguanas
  2 hell rats (Lair:6)
  7 worker ants
  A hound skeleton (D:7)
  5 gnolls
  2 howler monkey skeletons
  17 adders
  5 river rats (Lair:6)
  4 shadow imps
  2 adder skeletons
  3 adder zombies
  2 worms
  5 dart slugs
  3 leopard geckos
  60 orcs
  4 giant cockroaches
  9 goblins
  9 hobgoblins
  7 jackals
  6 quokkas
  3 bats (D:1)
  4 frilled lizards
  26 kobolds
  2 leopard gecko skeletons (D:5)
  A leopard gecko zombie (D:5)
  A quokka zombie (D:9)
  15 rats
  2 fungi
  16 plants
  3 tentacles (Shoals:4)
987 creatures vanquished.

Vanquished Creatures (collateral kills)
  7 two-headed ogres
  A centaur warrior (D:15)
  An ogre mage (D:15)
  A harpy (Shoals:4)
  2 deep elf magi (D:15)
  A wolf spider (D:14)
  A manticore (Shoals:1)
  An ugly thing (D:15)
  A water nymph (Shoals:4)
  A troll (D:11)
  A merfolk (Shoals:3)
  A snapping turtle (Shoals:4)
  2 water elementals
  An orc warrior (D:15)
  A black bear (D:11)
  An ogre (D:11)
  A big kobold (D:12)
  A scorpion (D:11)
  A jelly (D:12)
  A gnoll shaman (D:11)
  An orc wizard (D:11)
  2 centaur skeletons
  A shadow imp (D:14)
  2 kobolds (D:12)
34 creatures vanquished.

Vanquished Creatures (others)
  A hydra (Lair:6)
  A merfolk aquamancer (Shoals:2)
  3 bushes (D:8)
  23 fungi
  109 plants
  5 tentacles (Shoals:4)
142 creatures vanquished.

Grand Total: 1163 creatures vanquished

Notes
Turn   | Place    | Note
-------+----------+-------------------------------------------
     0 | D:1      | Fingolfin the Naga Wizard began the quest for the Orb.
     0 | D:1      | Reached XP level 1. HP: 15/15 MP: 4/4
   278 | D:1      | Reached XP level 2. HP: 22/22 MP: 6/6
   282 | D:1      | Learned a level 2 spell: Blink
   775 | D:2      | Reached XP level 3. HP: 28/28 MP: 5/7
   780 | D:2      | Learned a level 3 spell: Conjure Flame
  1630 | D:3      | Reached XP level 4. HP: 30/36 MP: 3/8
  1882 | D:3      | Reached XP level 5. HP: 38/42 MP: 9/9
  1954 | D:3      | Learned a level 3 spell: Mephitic Cloud
  2061 | D:3      | Reached skill level 5 in Conjurations
  2129 | D:3      | Noticed Glamhuggeren's ghost (amateur MiFi)
  2504 | D:3      | Killed Glamhuggeren's ghost
  2504 | D:3      | Reached XP level 6. HP: 17/49 MP: 6/10
  2867 | D:4      | Reached skill level 1 in Shields
  3127 | D:4      | Reached XP level 7. HP: 55/55 MP: 6/11
  3222 | D:4      | Found Xistroath's Weapon Shoppe.
  3368 | D:4      | Reached skill level 1 in Fighting
  3705 | D:5      | Entered Level 5 of the Dungeon
  4332 | D:5      | Found a snail-covered altar of Cheibriados.
  4472 | D:5      | Found a runed door.
  4476 | D:5      | Noticed Crazy Yiuf
  4482 | D:5      | Killed Crazy Yiuf
  4536 | D:5      | Reached XP level 8. HP: 70/73 MP: 9/12
  4563 | D:5      | Reached skill level 5 in Fighting
  4754 | D:6      | Noticed Edmund
  4803 | D:6      | Noticed Eustachio
  4817 | D:6      | Killed Eustachio
  5060 | D:6      | Noticed Leszczynek's ghost (novice TrSk)
  5074 | D:6      | Killed Leszczynek's ghost
  5074 | D:6      | Reached XP level 9. HP: 11/90 MP: 10/13
  5290 | D:6      | Killed Edmund
  5507 | D:6      | Found a stormy altar of Qazlal.
  5703 | D:6      | Got a twisted helmet
  5742 | D:6      | Identified the cursed +0 helmet of Pocsikk {rF- MR+ Int+3} (You found it on level 6 of the Dungeon)
  6391 | D:7      | Found an ornate altar of the Wu Jian Council.
  6399 | D:7      | Reached skill level 5 in Dodging
  6532 | D:7      | Found a staircase to the Ecumenical Temple.
  6540 | Temple   | Entered the Ecumenical Temple
  6550 | Temple   | Became a worshipper of Sif Muna the Loreminder
  7362 | D:8      | Found a burning altar of Makhleb.
  7378 | D:8      | Found an ancient bone altar of Kikubaaqudgha.
  7454 | D:8      | Reached skill level 5 in Spellcasting
  7454 | D:8      | Reached XP level 10. HP: 97/98 MP: 17/17
  7490 | D:8      | Learned a level 1 spell: Apportation
  7535 | D:8      | Found a blossoming altar of Fedhas.
  7820 | D:8      | Reached * piety under Sif Muna
  8419 | D:9      | Reached skill level 1 in Fire Magic
  8419 | D:9      | Reached skill level 1 in Air Magic
  8923 | D:9      | Reached ** piety under Sif Muna
  9500 | D:9      | Learned a level 5 spell: Fireball
  9744 | D:9      | Reached skill level 5 in Fire Magic
  9946 | D:9      | Found a staircase to the Orcish Mines.
 10314 | D:10     | Entered Level 10 of the Dungeon
 10332 | D:10     | Noticed Urug
 10361 | D:9      | Reached XP level 11. HP: 41/104 MP: 16/20
 10703 | D:10     | Reached *** piety under Sif Muna
 10795 | D:9      | Killed Urug
 11424 | D:10     | Noticed a death yak
 11429 | D:10     | Noticed a death yak
 11431 | D:10     | Noticed a death yak
 11435 | D:10     | Killed a death yak
 11444 | D:10     | Found a staircase to the Lair.
 11837 | D:10     | Noticed Snorg
 11844 | D:10     | Killed Snorg
 11844 | D:10     | Reached **** piety under Sif Muna
 11916 | D:10     | Killed a death yak
 11925 | D:10     | Killed a death yak
 12667 | Lair:1   | Entered Level 1 of the Lair of Beasts
 13102 | Lair:1   | Reached XP level 12. HP: 107/112 MP: 21/21
 13522 | Lair:1   | Reached ***** piety under Sif Muna
 13528 | Lair:1   | Reached skill level 10 in Conjurations
 13528 | Lair:1   | Reached skill level 10 in Fire Magic
 13939 | Lair:2   | Identified Sif Muna's Guide on Boosting Changing (Sif Muna gifted it to you on level 2 of the Lair of Beasts)
 13939 | Lair:2   | Received a gift from Sif Muna
 14093 | Lair:2   | Found a staircase to the Shoals.
 14278 | Lair:2   | Noticed Sonja
 14303 | Lair:2   | Killed Sonja
 14497 | Lair:2   | Found a staircase to the Snake Pit.
 14938 | Lair:2   | Noticed a four-headed hydra
 15017 | Lair:2   | Killed a four-headed hydra
 15675 | Lair:3   | Found a labyrinth entrance.
 15685 | Lab      | Entered a labyrinth
 16073 | Lab      | Noticed a minotaur
 16078 | Lab      | Killed a minotaur
 16131 | Lab      | Got a heavily runed iron ring
 16133 | Lab      | Identified the ring of Anyaso {Fire rPois rN+} (You found it in a labyrinth)
 16335 | Lair:3   | Reached skill level 1 in Invocations
 16948 | Lair:3   | Gained mutation: You can use your snake-like lower body to constrict enemies. [Naga growth]
 16948 | Lair:3   | Reached XP level 13. HP: 102/118 MP: 22/22
 17251 | Lair:3   | Reached skill level 5 in Invocations
 18045 | Lair:4   | Learned a level 2 spell: Swiftness
 18048 | Lair:4   | Learned a level 2 spell: Passwall
 18053 | Lair:4   | Learned a level 4 spell: Passage of Golubria
 18964 | Lair:5   | Reached skill level 1 in Transmutations
 18964 | Lair:5   | Reached skill level 1 in Earth Magic
 19106 | Lair:5   | Identified Sif Muna's Papyrus of Unholy Magic (Sif Muna gifted it to you on level 5 of the Lair of Beasts)
 19106 | Lair:5   | Received a gift from Sif Muna
 19955 | Lair:6   | Entered Level 6 of the Lair of Beasts
 20428 | Lair:6   | Reached XP level 14. HP: 110/127 MP: 9/26
 20906 | Lair:6   | Received a gift from Sif Muna
 20919 | Lair:6   | Reached skill level 10 in Spellcasting
 20928 | Lair:6   | Learned a level 5 spell: Borgnjor's Vile Clutch
 20932 | Lair:6   | Learned a level 3 spell: Regeneration
 21143 | Lair:6   | Reached skill level 1 in Necromancy
 22259 | Lair:6   | Reached skill level 5 in Earth Magic
 22399 | Lair:6   | Reached skill level 5 in Necromancy
 22542 | Lair:6   | Identified Sif Muna's Guide on Floating Attacks (Sif Muna gifted it to you on level 6 of the Lair of Beasts)
 22542 | Lair:6   | Received a gift from Sif Muna
 22746 | Lair:6   | Found a staircase to the Slime Pits.
 23252 | Orc:1    | Entered Level 1 of the Orcish Mines
 23262 | Orc:1    | Noticed Erica
 23272 | Orc:1    | Killed Erica
 23427 | Orc:1    | Found a frozen archway.
 23501 | IceCv    | Entered an ice cave
 24020 | IceCv    | Found the macabre finger necklace {rN+}
 24073 | IceCv    | Got a faintly glowing tin ring
 24084 | IceCv    | Identified the ring "Ketatt" {Ice +Fly} (You found it in an ice cave)
 24692 | Orc:2    | Entered Level 2 of the Orcish Mines
 24692 | Orc:2    | Found a staircase to the Elven Halls.
 24723 | Orc:2    | Noticed Donald
 24729 | Orc:2    | Killed Donald
 24989 | Orc:2    | Found Xeong's General Store.
 25081 | Orc:2    | Found a roughly hewn altar of Beogh.
 25112 | Orc:2    | Reached XP level 15. HP: 113/134 MP: 30/30
 25148 | Orc:2    | Bought a potion of degeneration for 13 gold pieces
 25148 | Orc:2    | Bought an uncursed staff of energy for 325 gold pieces
 25148 | Orc:2    | Bought a scroll of vulnerability for 97 gold pieces
 25148 | Orc:2    | Bought a scroll of enchant weapon for 97 gold pieces
 25148 | Orc:2    | Bought a scroll of identify for 26 gold pieces
 25231 | Orc:2    | Identified Sif Muna's Disquisition on Sinister Changing (Sif Muna gifted it to you on level 2 of the Orcish Mines)
 25231 | Orc:2    | Received a gift from Sif Muna
 25305 | Orc:2    | Found Huczett's Antique Weapon Shop.
 25305 | Orc:2    | Found Kiorec's General Store.
 25306 | Orc:2    | Found Acimimul's Jewellery Emporium.
 25306 | Orc:2    | Found Ciedocw's Food Emporium.
 25335 | Orc:2    | Learned a level 6 spell: Simulacrum
 25785 | Orc:2    | Bought an uncursed ring of wizardry for 480 gold pieces
 25785 | Orc:2    | Bought a +6 ring of protection for 1248 gold pieces
 25833 | Elf:1    | Entered Level 1 of the Elven Halls
 25833 | Elf:1    | Noticed a deep elf elementalist
 25836 | Elf:1    | Killed a deep elf elementalist
 26066 | Elf:1    | Noticed inmateoo's ghost (journeyman DDFi)
 26079 | Elf:1    | Noticed a Hell Sentinel
 26735 | D:11     | Found a blossoming altar of Fedhas.
 26743 | D:11     | Reached skill level 5 in Ice Magic
 28538 | D:12     | Found a flagged portal.
 28545 | Bailey   | Entered a bailey
 29031 | Orc:2    | Bought a scroll of fear for 45 gold pieces
 30053 | D:12     | Identified Sif Muna's Guide on Dislocated Confrontation (Sif Muna gifted it to you on level 12 of the Dungeon)
 30053 | D:12     | Received a gift from Sif Muna
 30185 | D:12     | Noticed Blork the orc
 30192 | D:12     | Killed Blork the orc
 30196 | D:12     | Found a deep blue altar of Sif Muna.
 30678 | D:13     | Reached XP level 16. HP: 94/141 MP: 21/32
 31538 | D:14     | Found Watoff's Assorted Antiques.
 31546 | D:14     | Bought a dull robe for 153 gold pieces
 31546 | D:14     | Bought a scroll of fog for 54 gold pieces
 31546 | D:14     | Bought a scroll labeled UTIARGHU VEUJA for 27 gold pieces
 31546 | D:14     | Bought a silvery potion for 24 gold pieces
 31546 | D:14     | Bought a scroll of identify for 54 gold pieces
 31546 | D:14     | Bought a scroll of enchant armour for 202 gold pieces
 31557 | D:14     | Identified the +1 robe of Zocseugo {MR+ Regen+ Int+2} (You bought it in a shop on level 14 of the Dungeon)
 32113 | D:14     | Found a gate to the Vaults.
 32523 | D:14     | You fall through a shaft!
 32523 | D:15     | Entered Level 15 of the Dungeon
 32752 | D:15     | Reached skill level 10 in Fighting
 32808 | D:15     | Found a glowing silver altar of Zin.
 33169 | D:15     | Reached skill level 1 in Evocations
 33175 | D:15     | Reached skill level 2 in Evocations
 33179 | D:15     | Reached skill level 3 in Evocations
 33302 | D:15     | Reached skill level 4 in Evocations
 33330 | D:15     | Reached skill level 5 in Evocations
 33448 | D:15     | Found a staircase to the Depths.
 33573 | D:15     | Found Dedussith's Antique Weapon Shop.
 33573 | D:15     | Reached skill level 6 in Evocations
 33954 | Shoals:1 | Entered Level 1 of the Shoals
 33989 | Shoals:1 | Reached skill level 7 in Evocations
 34263 | Shoals:1 | Reached skill level 8 in Evocations
 34373 | Shoals:1 | Reached XP level 17. HP: 118/153 MP: 7/34
 34387 | Shoals:1 | Reached skill level 9 in Evocations
 35035 | Shoals:2 | Reached skill level 10 in Evocations
 35188 | Shoals:2 | Noticed Polyphemus
 35542 | Shoals:2 | Reached skill level 11 in Evocations
 35683 | Shoals:2 | Found Fyump's Magic Scroll Shop.
 35711 | Shoals:2 | Bought a scroll of identify for 34 gold pieces
 35711 | Shoals:2 | Bought a scroll of identify for 34 gold pieces
 35711 | Shoals:2 | Bought a scroll of holy word for 127 gold pieces
 35712 | Shoals:2 | Identified a scroll of acquirement
 36070 | Shoals:2 | Killed Polyphemus
 36673 | Shoals:3 | Reached skill level 12 in Evocations
 37233 | Shoals:3 | HP: 7/153 [merfolk aquamancer/torrent of water (41)]
 37234 | Shoals:3 | Reached skill level 13 in Evocations
 37936 | Shoals:3 | Reached XP level 18. HP: 153/160 MP: 21/35
 38049 | Shoals:4 | Entered Level 4 of the Shoals
 38060 | Shoals:4 | Reached skill level 14 in Evocations
 38152 | Shoals:4 | Identified Sif Muna's Guide on Battle Magic and Ice (Sif Muna gifted it to you on level 4 of the Shoals)
 38152 | Shoals:4 | Received a gift from Sif Muna
 38369 | Shoals:4 | Noticed Ilsuiw
 38374 | Shoals:4 | Killed Ilsuiw
 38470 | Shoals:4 | Got a slimy broad axe
 38471 | Shoals:4 | Identified the +5 broad axe of the Hall of Blades {chop, rC++ Str+4 SInv} (You found it on level 4 of the Shoals)
 38545 | Shoals:4 | Reached skill level 15 in Evocations
 38589 | Shoals:4 | HP: 3/160 [merfolk aquamancer/shard of ice (30)]
 38589 | Shoals:4 | Mangled by a merfolk impaler

Skill      XL: |  1  2  3  4  5  6  7  8  9 10 11 12 13 14 15 16 17 18 |
---------------+-------------------------------------------------------+-----
Conjurations   | 2 3 4 6 9 11 | 11.3
Shields        | 2 |  2.4
Fighting       | 4 8 10 | 10.1
Dodging        | 5 |  5.9
Spellcasting   | 5 6 8 11 12 13 | 13.1
Fire Magic     | 6 9 11 | 11.2
Air Magic      | 4 |  4.0
Invocations    | 4 7 |  7.8
Translocations | 4 |  4.8
Transmutations | 3 |  3.1
Earth Magic    | 3 5 |  5.1
Necromancy     | 5 8 |  8.0
Ice Magic      | 8 |  8.0
Evocations     | 8 13 15 | 15.0
Stealth        | |  3.0
Summonings     | |  1.0

Action                   |  1- 3 |  4- 6 |  7- 9 | 10-12 | 13-15 | 16-18 || total
-------------------------+-------+-------+-------+-------+-------+-------++-------
Melee: Whip              |     1 |       |       |       |       |       ||     1
       Morningstar       |       |    14 |    49 |    39 |     9 |    16 ||   127
       Staff             |       |       |       |   110 |   243 |   182 ||   535
       Constrict         |       |       |       |       |    63 |    45 ||   108
 Cast: Magic Dart        |    40 |    47 |   224 |   383 |    69 |     9 ||   772
       Conjure Flame     |     1 |     3 |    15 |   115 |    84 |     2 ||   220
       Blink             |       |     1 |       |    13 |    21 |     3 ||    38
       Mephitic Cloud    |       |       |     3 |    25 |     1 |       ||    29
       Fireball          |       |       |       |    51 |   331 |   178 ||   560
       Passage of Golubr |       |       |       |       |    12 |       ||    12
       Swiftness         |       |       |       |       |     4 |     1 ||     5
       Borgnjor's Vile C |       |       |       |       |    38 |   108 ||   146
       Regeneration      |       |       |       |       |     1 |    36 ||    37
       Simulacrum        |       |       |       |       |    22 |    22 ||    44
Invok: Divine Energy     |       |       |       |     1 |       |       ||     1
       Channel Magic     |       |       |       |       |    19 |     9 ||    28
 Abil: Spit Poison       |    13 |    25 |    45 |    44 |    22 |    31 ||   180
Evoke: Wand              |       |       |       |     1 |     5 |     2 ||     8
       Staff of energy   |       |       |       |       |       |   227 ||   227
  Use: Scroll            |       |     4 |     2 |    14 |    14 |    12 ||    46
       Potion            |       |     1 |     1 |     2 |       |     3 ||     7
 Stab: Confused          |       |       |     1 |     2 |       |       ||     3
       Sleeping          |       |       |       |       |     1 |     1 ||     2
  Eat: Chunk             |     2 |     6 |    15 |    22 |    63 |    33 ||   141
       Ration            |       |       |       |     5 |     3 |     2 ||    10
Armor: Robe              |       |     2 |    33 |   106 |   182 |   249 ||   572
Dodge: Dodged            |     2 |    12 |    46 |   192 |   215 |   280 ||   747
Block: Buckler           |       |       |    23 |   102 |    95 |   100 ||   320
       Reflection        |       |       |       |     4 |       |       ||     4
